 Dungeon Crawl Stone Soup version 0.30-b1-2-g02819fbbbe (webtiles) character file.

Game seed: 17135626324373646547

540 Fartwhistle the Skirmisher (level 7, 0/56 HPs)
             Began as a Gnoll Hunter on Oct 23, 2023.
             Slain by a black bear (5 damage)
             ... on level 4 of the Dungeon.
             The game lasted 00:05:15 (2896 turns).

Fartwhistle the Skirmisher (Gnoll Hunter)           Turns: 2896, Time: 00:05:16

Health: 0/56       AC:  4    Str: 10    XL:     7   Next: 26%
Magic:  10/10      EV: 13    Int: 11    God:
Gold:   277        SH:  0    Dex: 15    Spells: 11/11 levels left

rFire   . . .        a - +0 shortbow
rCold   . . .        (shield currently unavailable)
rNeg    . . .        c - +0 leather armour
rPois   .            (no helmet)
rElec   .            (no cloak)
rCorr   .            o - +0 pair of gloves
SInv    .            (no boots)
Will    .....        (no amulet)
Stlth   ++           (no ring)
HPRegen 0.29/turn    (no ring)
MPRegen 0.12/turn

%: no passive effects
@: no status effects
A: fangs 1, strong nose, distributed training
a: no special abilities


You were on level 4 of the Dungeon.
You visited 1 branch of the dungeon, and saw 4 of its levels.

You collected 277 gold pieces.

Inventory:

Hand Weapons
 a - a +0 shortbow (weapon)
 n - a +1 dagger of holy wrath
Missiles
 s - a throwing net
 t - 4 poisoned darts
Armour
 c - a +0 leather armour (worn)
 o - a +0 pair of gloves (worn)
Magical Staves
 m - a staff of fire
Jewellery
 r - an amulet of guardian spirit
Scrolls
 b - a scroll of immolation
 f - a scroll of enchant weapon {unknown}
 g - a scroll of noise {unknown}
 k - a scroll of blinking {unknown}
 l - a scroll of fog {unknown}
Potions
 d - a potion of haste
 e - 3 potions of attraction
 h - a potion of heal wounds {unknown}
 i - a potion of degeneration {unknown}
 j - a potion of curing {unknown}
 q - a potion of magic


   Skills:
 + Level 5.2 Fighting
 + Level 2.5 Short Blades
 + Level 2.5 Long Blades
 + Level 2.5 Axes
 + Level 2.5 Maces & Flails
 + Level 2.5 Polearms
 + Level 2.5 Staves
 + Level 8.9 Ranged Weapons
 + Level 2.5 Throwing
 + Level 2.5 Armour
 + Level 5.2 Dodging
 + Level 3.4 Stealth
 + Level 2.5 Shields
 + Level 2.5 Unarmed Combat
 + Level 2.5 Spellcasting
 + Level 2.0 Conjurations
 + Level 2.0 Hexes
 + Level 2.0 Summonings
 + Level 2.0 Necromancy
 + Level 2.0 Translocations
 + Level 2.0 Transmutations
 + Level 2.0 Fire Magic
 + Level 2.0 Ice Magic
 + Level 2.0 Air Magic
 + Level 2.0 Earth Magic
 + Level 2.0 Poison Magic
 + Level 2.7 Invocations
 + Level 2.5 Evocations


You had 11 spell levels left.
You didn't know any spells.
Your spell library contained the following spells:

 Spells                   Type           Power      Damage    Failure   Level
 Apportation              Tloc           10%        N/A       16%         1
 Necrotise                Necr           20%        1d5       16%         1
 Summon Small Mammal      Summ           20%        N/A       16%         1


Dungeon Overview and Level Annotations

Branches:
Dungeon (4/15)
 Temple: D:4-7

Altars:


Innate Abilities, Weirdness & Mutations

You have very sharp teeth.
Your uncanny sense of smell can sniff out nearby items.
Your experience applies equally to all skills.


Message History

You shoot an arrow. The arrow hits the black bear!
The black bear is moderately wounded.
You shoot an arrow. The arrow hits the black bear.
The black bear is heavily wounded.
You shoot an arrow. The arrow hits the black bear.
The black bear is heavily wounded.
You shoot an arrow. The arrow hits the black bear.
The black bear is severely wounded.
The black bear goes berserk!
You shoot an arrow. The arrow hits the black bear.
The black bear is almost dead.
The black bear barely misses you. x2; The black bear misses you.
You shoot an arrow. The arrow hits the black bear.
The black bear is almost dead.
The black bear bites you. The black bear barely misses you.
The black bear claws you. The black bear barely misses you. x2
The black bear claws you.
You shoot an arrow. The arrow barely misses the black bear.
The black bear bites you. The black bear barely misses you.
The black bear claws you but does no damage.
You shoot an arrow. The arrow hits the black bear.
The black bear is almost dead.
The black bear barely misses you. The black bear claws you. x2
The black bear bites you!
The black bear claws you but does no damage. x2
You are too injured to fight recklessly!
You are too injured to fight recklessly!
Fire: a) +0 shortbow
Press: ? - help, Q - select action, (/) - cycle Shift-Dir - straight line, f/p - black bear
Aim: a black bear (almost dead, berserk, 72% to hit)
You shoot an arrow. The arrow barely misses the black bear.
The black bear bites you!
* * * LOW HITPOINT WARNING * * *
The black bear claws you.
* * * LOW HITPOINT WARNING * * *
The black bear claws you.
* * * LOW HITPOINT WARNING * * *
The black bear bites you but does no damage.
The black bear claws you.
You die...

#.# #.# #.# #.#
#.# # #######.#
# #. #......<#
....#.##.#######
#....h@#
#...#### ###


You could see a black bear (berserk).

Vanquished Creatures
  A kobold brigand (D:3)
  A howler monkey (D:3)
  A gnoll bouda (D:3)
  2 hounds (D:3)
  Jessica (D:2)
  An iguana (D:3)
  16 gnolls (D:3)
  2 adders
  2 dart slugs
  23 orcs (D:3)
  4 bats
  6 endoplasms
  6 giant cockroaches
  A goblin (D:1)
  3 hobgoblins (D:2)
  17 jackals
  5 ball pythons
  4 frilled lizards
  9 kobolds
  6 rats
111 creatures vanquished.

Vanquished Creatures (others)
  A fungus (D:3)
  A plant (D:3)
2 creatures vanquished.

Grand Total: 113 creatures vanquished

Notes
Turn   | Place    | Note
-------+----------+-------------------------------------------
     0 | D:1      | Fartwhistle the Gnoll Hunter began the quest for the Orb.
     0 | D:1      | Reached XP level 1. HP: 20/20 MP: 1/1
    64 | D:1      | Reached XP level 2. HP: 26/26 MP: 2/2
   312 | D:1      | Reached XP level 3. HP: 31/31 MP: 3/3
   624 | D:2      | Reached skill level 1 in Invocations
   752 | D:2      | Reached skill level 1 in Short Blades
   752 | D:2      | Reached skill level 1 in Long Blades
   752 | D:2      | Reached skill level 1 in Axes
   752 | D:2      | Reached skill level 1 in Maces & Flails
   752 | D:2      | Reached skill level 1 in Polearms
   752 | D:2      | Reached skill level 1 in Staves
   752 | D:2      | Reached skill level 1 in Throwing
   752 | D:2      | Reached skill level 1 in Armour
   752 | D:2      | Reached skill level 1 in Shields
   752 | D:2      | Reached skill level 1 in Unarmed Combat
   752 | D:2      | Reached skill level 1 in Spellcasting
   752 | D:2      | Reached skill level 1 in Evocations
   978 | D:2      | Noticed Jessica
   985 | D:2      | Killed Jessica
   986 | D:2      | Reached skill level 1 in Conjurations
   986 | D:2      | Reached skill level 1 in Hexes
   986 | D:2      | Reached skill level 1 in Summonings
   986 | D:2      | Reached skill level 1 in Necromancy
   986 | D:2      | Reached skill level 1 in Translocations
   986 | D:2      | Reached skill level 1 in Transmutations
   986 | D:2      | Reached skill level 1 in Fire Magic
   986 | D:2      | Reached skill level 1 in Ice Magic
   986 | D:2      | Reached skill level 1 in Air Magic
   986 | D:2      | Reached skill level 1 in Earth Magic
   986 | D:2      | Reached skill level 1 in Poison Magic
   986 | D:2      | Reached XP level 4. HP: 29/38 MP: 5/5
  1567 | D:3      | Reached XP level 5. HP: 43/43 MP: 5/7
  1823 | D:3      | Reached XP level 6. HP: 50/50 MP: 8/8
  1868 | D:3      | Reached skill level 5 in Fighting
  1868 | D:3      | Reached skill level 5 in Dodging
  2471 | D:3      | Reached XP level 7. HP: 51/56 MP: 10/10
  2896 | D:4      | Slain by a black bear

Illustrated notes

Levels and vault maps discovered:
D:1:      wander_arrival_chamber, layout_rooms, roderic_roman_lattice,
          kennysheep_another_room
D:2:      layout_loops_corners, uniq_jessica
D:3:      lemuel_castle_with_subvaults [lemuel_castle_interior_original],
          layout_loops_corners
D:4:      layout_loops_cross, tso_oasis_becter

Skill      XL: |  1  2  3  4  5  6  7 |
---------------+----------------------+-----
Invocations    | 1 2 |  2.7
Short Blades   | 1 2 |  2.5
Long Blades    | 1 2 |  2.5
Axes           | 1 2 |  2.5
Maces & Flails | 1 2 |  2.5
Polearms       | 1 2 |  2.5
Staves         | 1 2 |  2.5
Throwing       | 1 2 |  2.5
Armour         | 1 2 |  2.5
Shields        | 1 2 |  2.5
Unarmed Combat | 1 2 |  2.5
Spellcasting   | 1 2 |  2.5
Evocations     | 1 2 |  2.5
Conjurations   | 1 2 |  2.0
Hexes          | 1 2 |  2.0
Summonings     | 1 2 |  2.0
Necromancy     | 1 2 |  2.0
Translocations | 1 2 |  2.0
Transmutations | 1 2 |  2.0
Fire Magic     | 1 2 |  2.0
Ice Magic      | 1 2 |  2.0
Air Magic      | 1 2 |  2.0
Earth Magic    | 1 2 |  2.0
Poison Magic   | 1 2 |  2.0
Stealth        | 3 |  3.4
Fighting       | 5 |  5.2
Dodging        | 5 |  5.2
Ranged Weapons | |  8.9

Action                     |  1- 3 |  4- 6 |  7- 9 || total
---------------------------+-------+-------+-------++-------
   Fire: Shortbow          |    82 |   203 |    52 ||   337
    Use: Scroll            |       |       |     3 ||     3
 Armour: Leather armour    |     2 |    20 |     6 ||    28
  Dodge: Dodged            |     8 |    42 |    19 ||    69
